 Dungeon Crawl Stone Soup version 0.30-a0-4-ga7cffc901d (webtiles) character file.

Game seed: 14045425627341370685

60 Setbun the Grasshopper (level 3, 0/18 HPs)
             Began as a Spriggan Warper on Aug 20, 2022.
             Slain by an adder (4 damage)
             ... on level 2 of the Dungeon.
             The game lasted 00:02:29 (2277 turns).

Setbun the Grasshopper (Spriggan Warper)            Turns: 2277, Time: 00:02:29

Health: 0/18       AC:  2    Str:  7    XL:     3   Next: 82%
Magic:  8/8        EV: 18    Int: 14    God:
Gold:   56         SH:  0    Dex: 16    Spells: 8/8 levels left

rFire   . . .      SeeInvis +    e - +0 short sword (elec)
rCold   . . .      Faith    .    (no shield)
rNeg    . . .      Spirit   .    b - +0 robe
rPois   .          Reflect  .    (helmet restricted)
rElec   .          Harm     .    (no cloak)
rCorr   .          Rampage  .    (gloves unavailable)
Will    .....                    (boots unavailable)
Stlth   ++........               (no amulet)
HPRegen 0.06/turn                (no ring)
MPRegen 0.11/turn                (no ring)

@: lethally poisoned (0 -> -5), very quick
A: very small, no large weapons, unfitting armour, see invisible, speed 3
a: no special abilities


You were on level 2 of the Dungeon.
You visited 1 branch of the dungeon, and saw 2 of its levels.

You collected 56 gold pieces.

Inventory:

Hand Weapons
 a - a +0 short sword
 e - a +0 short sword of electrocution (weapon)
Missiles
 d - 7 boomerangs of dispersal (quivered)
Armour
 b - a +0 robe (worn)
Jewellery
 j - a ring of ice
Scrolls
 c - 2 scrolls of blinking
 f - 5 scrolls of identify {unknown}
 g - a scroll of fear {unknown}
 k - a scroll of teleportation {unknown}
Potions
 h - a potion of flight {unknown}
 i - 2 potions of heal wounds {unknown}


   Skills:
 + Level 2.0 Fighting
 * Level 3.1 Short Blades
 - Level 1.0 Throwing
 + Level 3.7 Dodging
 + Level 0.9 Stealth
 + Level 3.1 Spellcasting
 + Level 4.9 Translocations


You had 8 spell levels left.
You didn't know any spells.
Your spell library contained the following spells:

 Spells                   Type           Power      Damage    Failure   Level
 Blink                    Tloc           32%        N/A       4%          2
 Gell's Gravitas          Tloc           16%        N/A       9%          3
 Lesser Beckoning         Tloc           16%        N/A       9%          3
 Teleport Other           Tloc           16%        N/A       9%          3
 Manifold Assault         Tloc           16%        N/A       58%         5


Dungeon Overview and Level Annotations

Branches:
Dungeon (2/15)

Altars:

Shops:
D:1 (


Innate Abilities, Weirdness & Mutations

You are very small and have problems with some larger weapons.
You are too small for most types of armour.
You have supernaturally acute eyesight. (SInv)
You cover ground extremely quickly. (Speed+++)


Message History

You are too injured to fight recklessly!
You are too injured to fight recklessly!
You are too injured to fight recklessly!
You are too injured to fight recklessly!
You are too injured to fight recklessly!
You are too injured to fight recklessly!
You are too injured to fight recklessly!
You are too injured to fight recklessly!
You are too injured to fight recklessly!
You are too injured to fight recklessly!
You are too injured to fight recklessly!
You are too injured to fight recklessly!
You are too injured to fight recklessly!
You are too injured to fight recklessly!
You hit Terence but do no damage. Terence closely misses you.
The adder bites you but does no damage.
You hit Terence. Lightning courses through Terence!
Terence is severely wounded.
The adder closely misses you. Terence barely misses you.
You hit Terence. Lightning courses through Terence!
You kill Terence!
The adder completely misses you. The adder closely misses you.
Your Fighting skill increases to level 2!
Your Short Blades skill increases to level 3!
You hit the kobold. Lightning courses through the kobold!
You kill the kobold!
The adder bites you.
Found 4 gold pieces.
The adder closely misses you.
A hobgoblin and a frilled lizard come into view.
The hobgoblin shouts!
The frilled lizard hisses angrily.
You hit the adder.
The adder is heavily wounded.
The adder closely misses you. The adder bites you.
You are lethally poisoned!
The adder poisons you!
You hit the adder. You punch the adder.
The adder is almost dead.
* * * LOW HITPOINT WARNING * * *
You feel sick. The adder bites you.
You die...

######...#.###.#..
##...>..........#.# #
............?...#.##.#
#.....†...?........?#
#.#...........?... #
#...#.##..####.
#.#...#......# .
#.#...#.##.S)#....
#........#@.g[.l..
#........##..#.##.
####.##..##......
########..........#.##.
#........###..#####...
# #.######.........#
##. #.#### #.#........
##....###......##.
#......##.....###.#


You could see an adder, a hobgoblin and a frilled lizard.

Vanquished Creatures
  Terence (D:2)
  6 ball pythons
  2 endoplasms (D:1)
  3 giant cockroaches
  2 goblins (D:1)
  4 hobgoblins (D:1)
  A quokka (D:1)
  A bat (D:1)
  4 frilled lizards
  8 kobolds
  A rat (D:1)
33 creatures vanquished.

Notes
Turn   | Place    | Note
-------+----------+-------------------------------------------
     0 | D:1      | Setbun the Spriggan Warper began the quest for the Orb.
     0 | D:1      | Reached XP level 1. HP: 10/10 MP: 5/5
    39 | D:1      | You fall into a shaft and drop 1 floor!
   645 | D:1      | Reached XP level 2. HP: 11/15 MP: 6/6
  1679 | D:1      | Found Alohat Wec's Antique Weapon Shoppe.
  2204 | D:2      | Reached XP level 3. HP: 18/18 MP: 8/8
  2263 | D:2      | Noticed Terence
  2272 | D:2      | Killed Terence
  2277 | D:2      | Slain by an adder

Illustrated notes

Levels and vault maps discovered:
D:1:      dpeg_arrival_round_a, layout_basic, serial_shops, nicolae_shop_stone
D:2:      layout_loops_cross, uniq_terence, uniq_robin

Skill      XL: |  1  2  3 |
---------------+----------+-----
Spellcasting   | 3 |  3.1
Fighting       | 2 |  2.0
Short Blades   | 3 |  3.1
Throwing       | |  1.0
Dodging        | |  3.7
Stealth        | |  0.9
Translocations | |  4.9

Action                   || total
-------------------------++-------
Melee: Short sword       ||   132
       Punch             ||     2
 Stab: Sleeping          ||     2
Armor: Robe              ||    34
Dodge: Dodged            ||   149

Table legend: (Time is in decaauts)
 A = Elapsed time spent in this place.
 B = Non-inter-level travel time spent in this place.
 C = Inter-level travel time spent in this place.
 D = Time resting spent in this place.
 E = Time spent auto-exploring this place.
 F = Levels seen in this place.
 G = Mean time per level.
                   A        B        C        D        E       F      G
               +--------+--------+--------+--------+--------+-----+--------+
         Total |   1948 |   1940 |      8 |   1155 |    510 |   2 |  974.0 |
       Dungeon |   1948 |   1940 |      8 |   1155 |    510 |   2 |  974.0 |
               +--------+--------+--------+--------+--------+-----+--------+

Top non-repeatable levels by time:
     D:1: 1336 daAuts
     D:2: 612 daAuts
